 Dungeon Crawl Stone Soup version 0.26-a0-8-gc4d20be (webtiles) character file.

Game seed: 17014987495443623171, levelgen mode: deterministic

750 thirtiethelement the Slasher (level 7, 0/55 HPs)
             Began as a Demonspawn Abyssal Knight on May 24, 2020.
             Was a Believer of Lugonu.
             Slain by a black bear (6 damage)
             ... on level 5 of the Dungeon.
             The game lasted 00:16:25 (3584 turns).

thirtiethelement the Slasher (DsAK)                 Turns: 3584, Time: 00:16:26

Health: 0/55       AC:  5    Str: 14    XL:     7   Next: 48%
Magic:  0/9        EV: 12    Int: 20    God:    Lugonu [**....]
Gold:   281        SH:  0    Dex: 12    Spells: 6/6 levels left

rFire    . . .     SeeInvis .   f - +4 great sword (vorpal)
rCold    . . .     Gourm    .   (shield currently unavailable)
rNeg     . . .     Faith    .   d - +0 robe (curse)
rPois    .         Spirit   +   (no helmet)
rElec    .         Reflect  .   c - +0 cloak
rCorr    .         Harm     .   (no gloves)
MR       .....                  (no boots)
Stlth    +.........             i - amulet of the acrobat
HPRegen  0.18/turn              o - +6 ring of intelligence
MPRegen  0.11/turn              (no ring)

@: no status effects
A: hooves 2, yellow scales 1, magic shield
a: Depart the Abyss, Bend Space, Renounce Religion


You were on level 5 of the Dungeon.
You worshipped Lugonu.
Lugonu was pleased with you.
You were not hungry.

You visited 1 branch of the dungeon, and saw 5 of its levels.
You visited the Abyss 1 time.

You collected 281 gold pieces.

Inventory:

Hand Weapons
 a - a +1 falchion
 f - a +4 vorpal great sword (weapon)
Missiles
 l - 42 poisoned darts
 s - 14 boomerangs (quivered)
Armour
 b - a +0 leather armour
 c - a +0 cloak (worn)
 d - a cursed +0 robe (worn)
 m - a +2 scale mail of poison resistance
Jewellery
 i - an amulet of the acrobat (around neck)
 j - an uncursed amulet of faith
 o - a +6 ring of intelligence (left hand)
Wands
 g - a wand of flame (4)
 p - a wand of digging (5)
Scrolls
 u - 2 scrolls of amnesia
Potions
 e - 2 potions of resistance
 h - 5 potions of curing
 k - a potion of invisibility
 q - a potion of mutation {unknown}
 r - 2 potions of lignification
Comestibles
 n - 4 rations


   Skills:
 + Level 4.4 Fighting
 + Level 5.9 Long Blades
 * Level 3.2 Armour
 + Level 2.2 Dodging
 + Level 1.2 Stealth
 + Level 2.9 Invocations


You had 6 spell levels left.
You didn't know any spells.
Your spell library was empty.

Dungeon Overview and Level Annotations

Branches:
Dungeon (5/15)
 Temple: D:4-7

Altars:

Annotations:
D:5 Prince Ribbit


Innate Abilities, Weirdness & Mutations

You have hoof-like feet.
You are partially covered in yellow scales. (AC +2)
When hurt, damage is shared between your health and your magic reserves.


Message History

The black bear goes berserk!
You closely miss the black bear. Your kick misses the black bear.
The black bear is severely wounded.
The black bear barely misses you. The black bear closely misses you.
The black bear claws you. The black bear bites you.
The black bear claws you. x2
You barely miss the black bear.
The black bear is severely wounded.
The black bear completely misses you.
You riposte.
You barely miss the black bear.
The black bear is severely wounded.
The black bear claws you.
* * * LOW HITPOINT WARNING * * *
The black bear claws you.
* * * LOW HITPOINT WARNING * * *
The black bear bites you.
* * * LOW HITPOINT WARNING * * *
The black bear misses you. The black bear claws you.
* * * LOW HITPOINT WARNING * * *
The black bear bites you!
You die...

...# #
#.....>.
...#.#
#..#...#
#..#.#
......# #....
....#.# #..#
#.... #..#
#...####..#
#..h......###
#.@.......#<#
#.#....#.##.#
#.#.†#.#....#
#......#..###
+......#...
#.[....#.###
......#.##.#
.#.####.##.#
.... #.##.#


You could see a black bear (berserk).

Vanquished Creatures
  A phantom (D:4)
  A bullfrog (D:5)
  2 scorpions
  A howler monkey (D:4)
  A hound (D:4)
  3 orc priests (D:4)
  2 orc wizards
  A bullfrog skeleton (D:4)
  Ijyb (D:3)
  Terence (D:2)
  2 worker ants
  7 adders
  2 worms
  2 dart slugs
  6 leopard geckos
  7 orcs (D:4)
  3 ball pythons
  2 giant cockroaches
  10 goblins
  11 hobgoblins
  4 kobolds
  2 quokkas
  4 bats
  5 frilled lizards
  A quokka skeleton (D:4)
  13 rats
95 creatures vanquished.

Notes
Turn   | Place    | Note
-------+----------+-------------------------------------------
     0 | Abyss:1  | thirtiethelement the Demonspawn Abyssal Knight began the
                  | quest for the Orb.
     0 | Abyss:1  | Reached XP level 1. HP: 18/18 MP: 2/2
    66 | Abyss:2  | Noticed a small abomination
    74 | Abyss:2  | Noticed an iron imp
    81 | Abyss:2  | Noticed a ynoxinul
    82 | Abyss:2  | Noticed a seven-headed hydra zombie
    85 | D:1      | Escaped the Abyss
   170 | D:1      | Reached * piety under Lugonu
   216 | D:1      | Gained mutation: When hurt, damage is shared between your
                  | health and your magic reserves. [demonic ancestry]
   216 | D:1      | Reached XP level 2. HP: 21/24 MP: 4/4
   390 | D:1      | Reached skill level 1 in Dodging
   425 | D:1      | Reached skill level 2 in Long Blades
   464 | D:1      | Gained mutation: You are partially covered in yellow
                  | scales. (AC +2) [demonic ancestry]
   464 | D:1      | Reached XP level 3. HP: 28/29 MP: 5/5
   702 | D:2      | Noticed Terence
   722 | D:2      | Killed Terence
   722 | D:2      | Gained mutation: You have large cloven feet. [demonic
                  | ancestry]
   722 | D:2      | Reached XP level 4. HP: 30/37 MP: 6/6
   749 | D:2      | Reached ** piety under Lugonu
   757 | D:2      | Reached skill level 3 in Long Blades
  1239 | D:3      | Gained mutation: You have hoof-like feet. [demonic
                  | ancestry]
  1239 | D:3      | Reached XP level 5. HP: 42/42 MP: 7/7
  1621 | D:3      | Noticed Ijyb
  1627 | D:3      | Killed Ijyb
  1627 | D:3      | Reached skill level 4 in Long Blades
  1688 | D:3      | Reached *** piety under Lugonu
  2100 | D:3      | Reached XP level 6. HP: 29/48 MP: 4/8
  2695 | D:4      | Reached skill level 5 in Long Blades
  3025 | D:4      | Reached skill level 1 in Stealth
  3025 | D:4      | Reached XP level 7. HP: 54/54 MP: 9/9
  3551 | D:5      | Entered Level 5 of the Dungeon
  3574 | D:5      | Noticed Prince Ribbit
  3584 | D:5      | Slain by a black bear

Illustrated notes

Levels and vault maps discovered:
D:1:      kennysheep_arrival_seaside, layout_rooms, minmay_misc_feat_x,
          minmay_pentomino_q4
D:2:      layout_rooms, uniq_terence
D:3:      layout_basic, minmay_crystal_room, corexii_leaking_fountain, uniq_ijyb
D:4:      minmay_angry_zag, layout_loops_ring, first_ration,
          minmay_fractal_squares_diagonal_5
D:5:      layout_basic, minmay_temple_entry_slanted,
          minmay_shop_enchanted_jewellery, uniq_prince_ribbit1, uniq_sigmund,
          uniq_edmund

Skill      XL: |  1  2  3  4  5  6  7 |
---------------+----------------------+-----
Dodging        | 1 2 |  2.2
Long Blades    | 2 3 4 5 |  5.9
Armour         | 2 3 |  3.2
Fighting       | 4 |  4.4
Stealth        | 1 |  1.2
Invocations    | |  2.9

Action                   |  1- 3 |  4- 6 |  7- 9 || total
-------------------------+-------+-------+-------++-------
Melee: Great sword       |    68 |   124 |    37 ||   229
       Kick              |       |    23 |     6 ||    29
Throw: Boomerang         |       |       |     1 ||     1
Invok: Depart the Abyss  |     1 |       |       ||     1
  Use: Scroll            |     4 |     3 |     3 ||    10
       Potion            |     1 |       |       ||     1
 Stab: Sleeping          |     1 |     1 |       ||     2
  Eat: Ration            |       |     2 |     1 ||     3
Armor: Robe              |    16 |    43 |     7 ||    66
Dodge: Dodged            |    52 |   100 |    36 ||   188
       Rpst.: Great sword |    10 |    27 |    12 ||    49

Table legend:
 A = Non-vault XP
 B = Vault XP
 C = Vault XP percentage of total XP
 D = Non-vault monster count
 E = Vault monster count
 F = Vault count percentage of total count
                 A         B        C        D         E       F
            +---------+---------+-------+---------+---------+-------
      Total |     749 |     323 |  30.1 |      83 |      12 |  12.6
            +---------+---------+-------+---------+---------+-------
        D:1 |      43 |       4 |   8.5 |      22 |       3 |  12.0
        D:2 |     106 |      36 |  25.4 |      24 |       1 |   4.0
        D:3 |     166 |      36 |  17.8 |      19 |       1 |   5.0
        D:4 |     349 |     247 |  41.4 |      17 |       7 |  29.2
        D:5 |      85 |       0 |   0.0 |       1 |       0 |   0.0
            +---------+---------+-------+---------+---------+-------
